 Dungeon Sprint DCSS version 0.29-a0-375-g5102b3be25 (webtiles) character file.

Game seed: 15432741692071320869

42834 HendSelp the Executioner (level 13, -3/146 HPs)
             Began as a Deep Dwarf Monk on May 3, 2022.
             Was the Champion of Makhleb.
             Slain by a death scarab (7 damage)
             ... summoned by a royal mummy
             ... in the Dungeon (Sprint V: "Ziggurat Sprint").
             The game lasted 00:07:42 (747 turns).

HendSelp the Executioner (Deep Dwarf Monk)           Turns: 747, Time: 00:07:42

Health: -3/146     AC: 43    Str: 24    XL:     13   Next: 87%
Magic:  13/13      EV:  7    Int: 15    God:    Makhleb [******]
Gold:   0          SH: 39    Dex: 17    Spells: 12/12 levels left

rFire   + . .      SeeInvis +   C - +14 obsidian axe {vorpal, Mesm Drain Fly SInv}
rCold   + + .      Faith    .   E - +18 shield of the Gong {rElec rN+ Will+ EV-5}
rNeg    + . .      Spirit   .   D - +15 Maxwell's patent armour {-Cast -Tele rElec Will+ rCorr}
rPois   +          Reflect  +   m - +0 helmet {SInv}
rElec   +          Harm     .   w - +0 cloak of Awotz {*Slow +Inv rElec rPois}
rCorr   +          Rampage  +   N - +1 pair of gloves of Xowicw {Int+3 Stlth+}
Will    ++++.      NoTele   +   L - +2 pair of boots {rampage}
Stlth   .......... NoCast   +   J - amulet of reflection
HPRegen 0.00/turn               M - ring of Xom's Malicious Joy {AC+4 Str+4 Int+3 Dex+2}
MPRegen 0.13/turn               H - ring of Duemul {Fly rPois rF+ rC++ Will+ Int-2}

@: mighty, lethally poisoned (-3 -> -3), flying, mesmerised, hasted and slowed,
studying 2 skills
A: damage resistance, heal wounds, sense surroundings 2, no regeneration
a: Heal Wounds, Renounce Religion, Evoke Invisibility, Minor Destruction, Lesser
Servant of Makhleb, Major Destruction, Greater Servant of Makhleb


You were in the Dungeon.
You worshipped Makhleb.
Makhleb was exalted by your worship.
You visited 1 branch

Inventory:

Hand Weapons
 C - the +14 obsidian axe (weapon) {vorpal, Mesm Drain Fly SInv}
   (You found it in the Dungeon)

   It inflicts extra damage upon your enemies.
   It occasionally summons demons to assist the wielder when it strikes in
   combat.
   Its wielder is mesmerised by any visible foes.
   It cannot be unequipped while any foes are visible.
   SInv:      It lets you see invisible.
   Fly:       It grants you flight.
   Drain:     It drains your maximum health when unequipped.
Missiles
 u - a throwing net
Armour
 m - a +0 helmet of see invisible (worn)
 w - the +0 cloak of Awotz (worn) {*Slow +Inv rElec rPois}
   (You found it in the Dungeon)

   rElec:     It insulates you from electricity.
   rPois:     It protects you from poison.
   +Inv:      It lets you turn invisible.
   *Slow:     It may slow you when you take damage.
 D - the +15 Maxwell's patent armour (worn) {-Cast -Tele rElec Will+ rCorr}
   (You found it in the Dungeon)

   rElec:     It insulates you from electricity.
   -Cast:     It prevents spellcasting.
   -Tele:     It prevents most forms of teleportation.
   rCorr:     It protects you from acid and corrosion.
   Will:      It increases your willpower.
 E - the +18 shield of the Gong (worn) {rElec rN+ Will+ EV-5}
   (You found it in the Dungeon)

   It is deafeningly noisy when blocking attacks.
   EV:        It affects your evasion (-5).
   rElec:     It insulates you from electricity.
   rN:        It protects you from negative energy.
   Will:      It increases your willpower.
 L - a +2 pair of boots of rampaging (worn)
 N - the +1 pair of gloves of Xowicw (worn) {Int+3 Stlth+}
   (You found it in the Dungeon)

   Int:       It affects your intelligence (+3).
   Stlth:     It makes you more stealthy.
Jewellery
 s - the ring "Masuo" {rF+ Will+ MP+9 SInv}
   (You found it in the Dungeon)

   [ring of willpower]

   rF:        It protects you from fire.
   MP:        It affects your magic capacity (+9).
   SInv:      It lets you see invisible.
   Will:      It increases your willpower.
 v - the ring "Ojaibyuf" {rF+ Int+6 Dex+4}
   (You found it in the Dungeon)

   [ring of intelligence]

   Int:       It affects your intelligence (+6).
   Dex:       It affects your dexterity (+4).
   rF:        It protects you from fire.
 x - the ring of Joy {rC- MP+9 Str+6 SInv}
   (You found it in the Dungeon)

   [ring of magical power]

   Str:       It affects your strength (+6).
   rC:        It makes you vulnerable to cold.
   MP:        It affects your magic capacity (+9).
   SInv:      It lets you see invisible.
 y - the ring "Imaim" {rPois Will+ MP+9 Str-3}
   (You found it in the Dungeon)

   [ring of magical power]

   Str:       It affects your strength (-3).
   rPois:     It protects you from poison.
   MP:        It affects your magic capacity (+9).
   Will:      It increases your willpower.
 F - the ring "Mithrooc" {Wiz Int+2}
   (You found it in the Dungeon)

   [ring of wizardry]

   It improves your spell success rate.
   Int:       It affects your intelligence (+2).
 H - the ring of Duemul (right hand) {Fly rPois rF+ rC++ Will+ Int-2}
   (You found it in the Dungeon)

   [ring of willpower]

   Int:       It affects your intelligence (-2).
   rF:        It protects you from fire.
   rC:        It greatly protects you from cold.
   rPois:     It protects you from poison.
   Fly:       It grants you flight.
   Will:      It increases your willpower.
 J - an amulet of reflection (around neck)
 M - the ring of Xom's Malicious Joy (left hand) {AC+4 Str+4 Int+3 Dex+2}
   (You found it in the Dungeon)

   [ring of protection]

   AC:        It affects your AC (+4).
   Str:       It affects your strength (+4).
   Int:       It affects your intelligence (+3).
   Dex:       It affects your dexterity (+2).
Wands
 z - a wand of mindburst (7)
 A - a wand of iceblast (7)
 B - a wand of acid (7)
Scrolls
 b - 4 scrolls of enchant weapon
 i - 4 scrolls of blinking
 o - 4 scrolls of amnesia
 p - 7 scrolls of fog
 q - 5 scrolls of identify
 r - 2 scrolls of fear
 t - 2 scrolls of brand weapon
Potions
 d - 10 potions of curing
 e - 11 potions of heal wounds
 f - 5 potions of haste
 g - 7 potions of magic
 h - 3 potions of berserk rage
 j - 2 potions of brilliance
 k - 2 potions of invisibility
 l - 4 potions of resistance
 n - 4 potions of might
Miscellaneous
 I - a condenser vane (inert)


   Skills:
 + Level 17.7 Fighting
 + Level 24.7 Axes
 + Level 12.2 Armour
 + Level 10.6 Dodging
 - Level 3.2 Stealth
 + Level 21.7 Shields


You had 12 spell levels left.
You didn't know any spells.
Your spell library contained the following spells:

 Spells                   Type           Power      Damage    Failure   Level
 Sandblast                Erth           0%         2d4       97%         1
 Scorch                   Fire           0%         2d5       99%         2
 Static Discharge         Conj/Air       0%         N/A       99%         2
 Dazzling Flash           Conj/Hex       0%         N/A       100%        3
 Inner Flame              Hex/Fire       0%         N/A       100%        3
 Portal Projectile        Hex/Tloc       0%         N/A       100%        3
 Summon Guardian Golem    Hex/Summ       0%         N/A       100%        3
 Dispel Undead            Necr           0%         3d6       100%        4
 Iskenderun's Mystic Bla  Conj/Tloc      0%         2d3       100%        4
 Leda's Liquefaction      Hex/Erth       0%         N/A       100%        4
 Passage of Golubria      Tloc           0%         N/A       100%        4
 Petrify                  Tmut/Erth      0%         N/A       100%        4
 Sticky Flame             Conj/Fire      0%         2d3       100%        4
 Summon Lightning Spire   Summ/Air       0%         N/A       100%        4
 Alistair's Intoxication  Tmut/Pois      0%         N/A       100%        5
 Borgnjor's Vile Clutch   Necr/Erth      0%         N/A       100%        5
 Lee's Rapid Deconstruct  Erth           0%         3d5*      100%        5
 Summon Forest            Summ/Tloc      0%         N/A       100%        5
 Summon Mana Viper        Hex/Summ       0%         N/A       100%        5
 Dispersal                Tloc           0%         N/A       100%        6
 Eringya's Noxious Bog    Tmut/Pois      0%         N/A       100%        6
 Iron Shot                Conj/Erth      0%         9d1       100%        6
 Starburst                Conj/Fire      0%         6d3       100%        6
 Statue Form              Tmut/Erth      0%         N/A       100%        6
 Summon Cactus Giant      Summ           0%         N/A       100%        6
 Malign Gateway           Summ/Tloc      0%         N/A       100%        7
 Orb of Destruction       Conj           0%         9d5       100%        7
 Spellforged Servitor     Conj/Summ      0%         N/A       100%        7
 Storm Form               Tmut/Air       0%         N/A       100%        7
 Disjunction              Tloc           0%         N/A       100%        8
 Ignition                 Fire           0%         3d3       100%        8
 Maxwell's Capacitive Co  Air            0%         ∞         100%        8
 Summon Horrible Things   Summ           0%         N/A       100%        8
 Chain Lightning          Conj/Air       0%         N/A       100%        9
 Fire Storm               Conj/Fire      0%         5d1       100%        9
 Shatter                  Erth           0%         3d5*      100%        9


Dungeon Overview and Level Annotations

Branches:
Dungeon (1/1)

Altars:
Ashenzari
Cheibriados
Dithmenos
Elyvilon
Fedhas
Gozag
Hepliaklqana
Kikubaaqudgha
Makhleb
Nemelex Xobeh
Okawaru
Qazlal
Ru
Sif Muna
Trog
Uskayaw
Vehumet
Wu Jian
Xom
Yredelemnul
Zin
The Shining One
Beogh
Jiyva
Lugonu

Annotations:
D 1 transporter


Innate Abilities, Weirdness & Mutations

You are resistant to damage.
You can heal yourself by infusing magical energy.
You passively map the area around you.
You do not regenerate.


Message History

Unknown command.
Unknown command.
Unknown command.
Unknown command.
Unknown command.
Unknown command.
Unknown command.
Unknown command.
Unknown command.
Unknown command.
Unknown command.
Unknown command.
You open the guardian mummy like a pillowcase!!!
You break out of your daze!
You destroy the guardian mummy!
Makhleb accepts your kill.
You feel better.
You slash the royal mummy! You slash the guardian mummy! You slash the mummy!
You destroy the mummy!
Makhleb accepts your kill.
You feel better.
You hit the royal mummy.
You feel extremely nervous for a moment...
Pain shoots through your body!
* * * LOW HITPOINT WARNING * * *
Visions of slaying the guardian mummy flood into your mind.
You are engulfed in dark miasma.
You feel as though you will be slow longer.
* * * LOW HITPOINT WARNING * * *
You block the death scarab's attack.
BOUMMMMG!
The royal mummy gestures wildly while chanting.
Send 'em back where they came from!
Your smoke demon shudders.
Your sixfirhy shudders.
Your ice devil shudders.
Your soul eater shudders.
You block the royal mummy's attack.
PANG!
The royal mummy barely misses you. You block the guardian mummy's attack.
GONNNNG!
The death scarab bites you!
You die...

,,▓▓▓▓▓▓▓▓▓▓▓▓▓▓▓..|}||[)}
,
,,,▓...○§8§8.....▓.....)|)|
* ▓.§§§§☼§§§☼§§.▓.........
▓.§§○§§§§§§§§.▓.....4...
,,,
▓.§§§°§○§§§§§.▓.........
,,, ,
▓..§☼§°M☼MM.§.▓.........
,,,
▓...§§MMMMM...▓..▓.....▓
▓...§sMM§3....▓.▓▓▓...▓▓ ,
, ,
▓....3M@MM....▓..▓.....▓ ,
, ,,
▓..▓..4B...▓..▓.....©... ,
▓ ▓▓..☼3.▓▓* ▓▓▓▓▓▓▓▓▓▓ ,
▓..▓...○...▓..▓....8©8.. ,
,,▓......☼......▓....)})})
, , ,
▓......°......▓...|}).|. ,
* ▓▓▓▓▓▓▓▓▓▓▓▓▓▓▓.........
, , * ,, ▓.......†. , ,,, ,
▓.........


You could see 5 royal mummies, an emperor scorpion (summoned), a mummy priest, a
guardian mummy (mesmerising), a death scarab (summoned, ally target), 6 mummies,
a friendly soul eater (summoned), a friendly ice devil (summoned), a friendly
sixfirhy (summoned) and a friendly smoke demon (summoned).

Vanquished Creatures
  An ancient lich (D)
  3 royal mummies (D)
  A tentacled monstrosity (D)
  A titan (D)
  2 storm dragons (D)
  A green draconian (D)
  A black draconian (D)
  2 white draconians (D)
  A yellow draconian (D)
  2 mummy priests (D)
  A hydra (D)
  3 spriggan air magi (D)
  2 spriggan berserkers (D)
  A wretched star (D)
  2 moths of wrath (D)
  A cyclops (D)
  3 naga magi (D)
  A cane toad (D)
  2 freezing wraiths (D)
  A komodo dragon (D)
  A rime drake (D)
  2 guardian mummies (D)
  4 merfolk (D)
  3 wind drakes (D)
  2 polar bears (D)
  2 tarantellas (D)
  A blink frog (D)
  An air elemental (D)
  An ushabti (D)
  A shadow (D)
  A small abomination (D)
  A fire bat (D)
  2 yaks (D)
  2 floating eyes (D)
  2 water moccasins (D)
  3 ice beasts (D)
  4 black bears (D)
  2 wolves (D)
  A centaur (D)
  3 phantoms (D)
  A bullfrog (D)
  2 scorpions (D)
  A crimson imp (D)
  A quasit (D)
  3 starcursed masses (D)
  2 orc wizards (D)
  3 mummies (D)
  2 adders (D)
  A shadow imp (D)
  3 white imps (D)
  An orc (D)
  3 bat skeletons (D)
  A bat zombie (D)
  An endoplasm (D)
  3 ball pythons (D)
  A ball python zombie (D)
  A giant cockroach simulacrum (D)
  A quokka skeleton (D)
102 creatures vanquished.

Vanquished Creatures (collateral kills)
  A storm dragon (D)
  A nagaraja (D)
  A green draconian (D)
  A purple draconian (D)
  A starcursed mass (D)
  3 spriggan air magi (D)
  A death scarab (D)
  A black mamba (D)
  A rime drake (D)
  An ice devil (D)
  A hellwing (D)
  A guardian mummy (D)
  A hornet (D)
  2 merfolk (D)
  5 wind drakes (D)
  A flying skull (D)
  A large abomination (D)
  A spriggan (D)
  A water moccasin (D)
  2 ice beasts (D)
  A wolf (D)
  An orc priest (D)
  A white imp (D)
  2 adder simulacra (D)
  A ball python simulacrum (D)
  A jackal skeleton (D)
35 creatures vanquished.

Vanquished Creatures (others)
  An adder (D)
1 creature vanquished.

Grand Total: 138 creatures vanquished

Notes
Turn   | Place    | Note
-------+----------+-------------------------------------------
     0 | D        | HendSelp the Deep Dwarf Monk began the quest for the Orb.
     0 | D        | Reached XP level 1. HP: 20/20 MP: 1/1
     0 | D        | Found a shimmering blue altar of Sif Muna.
     0 | D        | Found a sacrificial altar of Ru.
     0 | D        | Found a bloodstained altar of Trog.
     0 | D        | Found a stormy altar of Qazlal.
     0 | D        | Found an iron altar of Okawaru.
     0 | D        | Found a sparkling altar of Nemelex Xobeh.
     0 | D        | Found a blossoming altar of Fedhas.
     0 | D        | Found the +6 Majin-Bo {vamp, MP+6 Int+6}
     0 | D        | Found the +9 heavy crossbow "Sniper" {vorpal, Acc+∞ SInv}
     0 | D        | Found the +10 dark maul {vorpal}
     0 | D        | Found the +15 Maxwell's patent armour {-Cast -Tele rElec
                  | Will+ rCorr}
     0 | D        | Found the +18 shield of the Gong {rElec rN+ Will+ EV-5}
     0 | D        | Found the +14 obsidian axe {vorpal, Mesm Drain Fly SInv}
     0 | D        | Found the +7 great mace "Firestarter" {inner flame, rF++}
     0 | D        | Found the +6 shillelagh "Devastator" {shatter}
     0 | D        | Found the +11 plutonium sword {Contam Stlth-}
     0 | D        | Found the +8 lance "Wyrmbane" {slay drac, rPois rF+ rC+
                  | AC+3}
     0 | D        | Found the +9 sword of Zonguldrok {reap}
     0 | D        | Found the +13 scythe of Curses {drain, Drain}
     0 | D        | Found the +5 sword of Power {vorpal}
     0 | D        | Found the +7 mace of Variability {chain chaos}
     0 | D        | Found the +7 Singing Sword {vorpal, sonic wave}
     0 | D        | Found the +8 storm bow {elec, penet}
     2 | D        | Found a transporter.
     2 | D        | Found an ancient bone altar of Kikubaaqudgha.
     2 | D        | Found a viscous altar of Jiyva.
     2 | D        | Found a corrupted altar of Lugonu.
     2 | D        | Found a hazy altar of Hepliaklqana.
     2 | D        | Found a burning altar of Makhleb.
     2 | D        | Found an opulent altar of Gozag.
    47 | D        | Became a worshipper of Makhleb the Destroyer
    47 | D        | Reached * piety under Makhleb
    47 | D        | Reached ** piety under Makhleb
    48 | D        | Reached skill level 8 in Axes
    48 | D        | Reached XP level 2. HP: 27/27 MP: 2/2
    83 | D        | Entered arena 2.
    83 | D        | Noticed a bullfrog
    83 | D        | Noticed a wolf
    83 | D        | Found a transporter.
    85 | D        | Killed a wolf
    86 | D        | Reached skill level 9 in Axes
    86 | D        | Reached skill level 5 in Dodging
    86 | D        | Reached XP level 3. HP: 37/37 MP: 3/3
    86 | D        | Reached XP level 4. HP: 45/45 MP: 4/4
    86 | D        | Killed a bullfrog
    87 | D        | Reached skill level 5 in Fighting
    87 | D        | Reached skill level 10 in Axes
    87 | D        | Reached skill level 1 in Armour
    87 | D        | Reached XP level 5. HP: 52/52 MP: 5/5
    98 | D        | Entered arena 3.
    98 | D        | Noticed a floating eye
    98 | D        | Noticed a floating eye
    98 | D        | Found a transporter.
   100 | D        | Paralysed by a floating eye for 2 turns
   102 | D        | Killed a floating eye
   102 | D        | Reached *** piety under Makhleb
   103 | D        | Reached skill level 11 in Axes
   104 | D        | Killed a floating eye
   105 | D        | Reached skill level 1 in Shields
   105 | D        | Reached XP level 6. HP: 63/63 MP: 6/6
   112 | D        | Entered arena 4.
   112 | D        | Noticed a tarantella
   112 | D        | Noticed a tarantella
   112 | D        | Found a transporter.
   116 | D        | Killed a tarantella
   117 | D        | Reached skill level 12 in Axes
   117 | D        | Reached XP level 7. HP: 72/72 MP: 7/7
   117 | D        | Killed a tarantella
   117 | D        | Reached **** piety under Makhleb
   118 | D        | Reached skill level 13 in Axes
   124 | D        | Entered arena 5.
   124 | D        | Found a transporter.
   128 | D        | Reached ***** piety under Makhleb
   137 | D        | Entered arena 6.
   137 | D        | Found a transporter.
   142 | D        | Reached XP level 8. HP: 82/82 MP: 8/8
   143 | D        | Reached skill level 14 in Axes
   149 | D        | Entered arena 7.
   149 | D        | Noticed a merfolk
   149 | D        | Noticed a cyclops
   149 | D        | Noticed a merfolk
   149 | D        | Noticed a merfolk
   149 | D        | Noticed a wind drake
   150 | D        | Found a transporter.
   154 | D        | Killed a merfolk
   157 | D        | Reached skill level 15 in Axes
   160 | D        | Killed a cyclops
   160 | D        | Killed a merfolk
   161 | D        | Reached skill level 16 in Axes
   161 | D        | Gained mutation: You passively map the area around you.
                  | [Deep Dwarf growth]
   161 | D        | Reached XP level 9. HP: 57/92 MP: 9/9
   161 | D        | Killed a wind drake
   161 | D        | Reached ****** piety under Makhleb
   162 | D        | Reached skill level 5 in Shields
   164 | D        | Killed a merfolk
   175 | D        | Got the ring "Masuo" {rF+ Will+ MP+9 SInv}
   181 | D        | Entered arena 8.
   181 | D        | Noticed a wind drake
   181 | D        | Noticed a merfolk
   181 | D        | Noticed a wind drake
   181 | D        | Noticed a merfolk
   181 | D        | Noticed a merfolk
   181 | D        | Noticed a wind drake
   182 | D        | Found a transporter.
   188 | D        | Killed a merfolk
   189 | D        | Reached skill level 10 in Fighting
   189 | D        | Reached skill level 17 in Axes
   189 | D        | Killed a wind drake
   190 | D        | Reached skill level 5 in Armour
   191 | D        | Killed a merfolk
   193 | D        | Killed a wind drake
   194 | D        | Killed a merfolk
   197 | D        | Killed a wind drake
   198 | D        | Reached skill level 18 in Axes
   212 | D        | Entered arena 9.
   212 | D        | Noticed a spriggan rider
   213 | D        | Found a transporter.
   218 | D        | Reached XP level 10. HP: 76/103 MP: 10/10
   225 | D        | Got the amulet of Dalen {rElec Will- Regen+ Int+6}
   238 | D        | Entered arena 10.
   239 | D        | Found a transporter.
   243 | D        | Reached skill level 19 in Axes
   252 | D        | Got the +0 cloak of Awotz {*Slow +Inv rElec rPois}
   260 | D        | Entered arena 11.
   261 | D        | Found a transporter.
   268 | D        | Reached skill level 10 in Shields
   275 | D        | Got the ring "Mithrooc" {Wiz Int+2}
   280 | D        | Got the ring of Duemul {Fly rPois rF+ rC++ Will+ Int-2}
   295 | D        | Entered arena 12.
   295 | D        | Noticed a white draconian
   295 | D        | Noticed a green draconian
   295 | D        | Noticed a yellow draconian
   295 | D        | Noticed a purple draconian
   295 | D        | Noticed a moth of wrath
   295 | D        | Noticed a black draconian
   295 | D        | Noticed a moth of wrath
   296 | D        | Noticed a tentacled monstrosity
   296 | D        | Noticed a green draconian
   297 | D        | Noticed a white draconian
   298 | D        | Found a transporter.
   301 | D        | Killed a moth of wrath
   302 | D        | Reached skill level 20 in Axes
   309 | D        | Killed a moth of wrath
   309 | D        | Killed a tentacled monstrosity
   309 | D        | Killed a yellow draconian
   310 | D        | Reached skill level 10 in Dodging
   310 | D        | Reached XP level 11. HP: 67/114 MP: 11/11
   310 | D        | Killed a green draconian
   317 | D        | Killed a purple draconian
   322 | D        | Killed a green draconian
   323 | D        | Killed a white draconian
   324 | D        | Reached skill level 21 in Axes
   328 | D        | Killed a black draconian
   333 | D        | Killed a white draconian
   343 | D        | Got the Collected Works on Displaced Beguiling
   367 | D        | Entered arena 13.
   367 | D        | Noticed a nagaraja
   368 | D        | Identified the +5 hand axe of the Wilderness {antimagic,
                  | rC+ Int+2 Stlth+}
   369 | D        | Found a transporter.
   379 | D        | Reached skill level 15 in Shields
   382 | D        | Killed a nagaraja
   383 | D        | Reached XP level 12. HP: 127/127 MP: 12/12
   415 | D        | Entered arena 14.
   416 | D        | Noticed a six-headed hydra
   418 | D        | Found a transporter.
   425 | D        | Killed an 11-headed hydra
   439 | D        | Got Ogohaum's Almanac of the Blaze
   443 | D        | Got the ring "Ojaibyuf" {rF+ Int+6 Dex+4}
   445 | D        | Got the Disquisition on the Entourage and the Mountains
   454 | D        | Entered arena 15.
   455 | D        | Noticed an ancient lich
   456 | D        | Noticed a starcursed mass
   456 | D        | Found a transporter.
   472 | D        | Reached skill level 10 in Armour
   472 | D        | Killed an ancient lich
   473 | D        | Reached skill level 15 in Fighting
   473 | D        | Reached skill level 22 in Axes
   476 | D        | Killed a starcursed mass
   488 | D        | Got the ring of Joy {rC- MP+9 Str+6 SInv}
   490 | D        | Got the ring "Imaim" {rPois Will+ MP+9 Str-3}
   495 | D        | Entered arena 16.
   496 | D        | Noticed a royal mummy
   496 | D        | Noticed a mummy priest
   496 | D        | Noticed a death scarab
   496 | D        | Noticed a mummy priest
   497 | D        | Noticed a royal mummy
   497 | D        | Noticed a royal mummy
   497 | D        | Found a transporter.
   498 | D        | Killed a death scarab
   499 | D        | Noticed a death scarab
   503 | D        | Noticed a death scarab
   503 | D        | Noticed a death scarab
   503 | D        | Noticed a death scarab
   508 | D        | Killed a mummy priest
   510 | D        | Noticed a death scarab
   510 | D        | Noticed a death scarab
   510 | D        | Noticed a death scarab
   510 | D        | Noticed a death scarab
   510 | D        | Killed a mummy priest
   511 | D        | Reached skill level 23 in Axes
   511 | D        | Reached XP level 13. HP: 23/140 MP: 13/13
   512 | D        | Noticed an emperor scorpion
   512 | D        | Killed a royal mummy
   514 | D        | Killed a royal mummy
   519 | D        | Noticed an emperor scorpion
   527 | D        | Killed a royal mummy
   528 | D        | Reached skill level 24 in Axes
   535 | D        | Got the Volume of the Mountains and Dislocation
   538 | D        | Got the ring of Xom's Malicious Joy {AC+4 Str+4 Int+3
                  | Dex+2}
   562 | D        | Entered arena 17.
   565 | D        | Noticed a storm dragon
   565 | D        | Noticed a titan
   565 | D        | Noticed a storm dragon
   566 | D        | Noticed a storm dragon
   573 | D        | Found a transporter.
   577 | D        | Killed a titan
   585 | D        | Killed a storm dragon
   586 | D        | Killed a storm dragon
   592 | D        | Killed a storm dragon
   599 | D        | Got the Handbook of Unstable Ignition
   602 | D        | Got the +1 pair of gloves of Xowicw {Int+3 Stlth+}
   733 | D        | Entered arena 18.
   736 | D        | Noticed a mummy priest
   736 | D        | Noticed a royal mummy
   736 | D        | Noticed a royal mummy
   736 | D        | Noticed a royal mummy
   737 | D        | Noticed a royal mummy
   737 | D        | Noticed a royal mummy
   737 | D        | Found a transporter.
   739 | D        | Noticed an emperor scorpion
   739 | D        | Noticed an emperor scorpion
   747 | D        | HP: 6/146 [something (13)]
   747 | D        | Slain by a death scarab

Illustrated notes

Levels and vault maps discovered:
D:        sprint_v [room_start, room_1, room_2, room_3, room_4, room_5, room_6,
          room_7, room_8, room_9, room_10, room_11, room_12, room_13, room_14,
          room_15, room_16, room_17, room_18, room_19, room_20, room_21,
          room_22, room_23, room_24, room_25, room_26, room_27]

Skill      XL: |  1  2  3  4  5  6  7  8  9 10 11 12 13 |
---------------+----------------------------------------+-----
Axes           | 8 9 10 11 12 13 16 18 20 21 23 24 | 24.7
Fighting       | 4 5 6 7 8 9 10 12 13 15 17 | 17.7
Dodging        | 5 6 7 8 9 10 | 10.6
Armour         | 1 2 3 4 5 7 8 10 12 | 12.2
Stealth        | 3 |  3.2
Shields        | 1 2 4 7 12 15 18 21 | 21.7

Action                   |  1- 3 |  4- 6 |  7- 9 | 10-12 | 13-15 || total
-------------------------+-------+-------+-------+-------+-------++-------
Melee: Broad axe         |     2 |     7 |    29 |    88 |    45 ||   171
 Abil: Heal Wounds       |       |       |       |     1 |     3 ||     4
Evoke: Condenser vane    |       |       |       |     5 |     2 ||     7
  Use: Potion            |     1 |       |     1 |       |     5 ||     7
 Stab: Distracted        |       |       |     1 |     2 |     2 ||     5
       Confused          |       |       |       |     7 |     6 ||    13
Armor: Plate armour      |     1 |     5 |    17 |    52 |    47 ||   122
Dodge: Dodged            |       |     1 |    11 |    12 |     8 ||    32
Block: Kite shield       |     4 |     8 |    41 |   149 |   114 ||   316
       Reflection        |       |       |       |     1 |       ||     1

Table legend: (Time is in decaauts)
 A = Elapsed time spent in this place.
 B = Non-inter-level travel time spent in this place.
 C = Inter-level travel time spent in this place.
 D = Time resting spent in this place.
 E = Time spent auto-exploring this place.
 F = Levels seen in this place.
 G = Mean time per level.
                   A        B        C        D        E       F      G
               +--------+--------+--------+--------+--------+-----+--------+
         Total |    749 |    749 |      0 |     95 |     62 |   1 |  749.0 |
       Dungeon |    749 |    749 |      0 |     95 |     62 |   1 |  749.0 |
               +--------+--------+--------+--------+--------+-----+--------+

Top non-repeatable levels by time:
       D: 749 daAuts
